 Dungeon Crawl Stone Soup version 0.23.2-1-ga50397a (webtiles) character file.

Game seed: 10306236319288733373

11121 harcile the Carver (level 11, -8/108 HPs)
             Began as a Hill Orc Fighter on Apr 18, 2019.
             Was an Elder of the Shining One.
             Mangled by a komodo dragon (22 damage)
             ... on level 11 of the Dungeon.
             The game lasted 00:35:14 (9685 turns).

harcile the Carver (Hill Orc Fighter)               Turns: 9685, Time: 00:35:15

Health: -8/108     AC:  8    Str: 27    XL:     11   Next: 72%
Magic:  13/13      EV: 11    Int:  9    God:    the Shining One [****..]
Gold:   384        SH: 16    Dex: 10    Spells: 7/12 levels left

rFire    + . .     SeeInvis +   a - +0 long sword
rCold    + . .     Gourm    .   c - +0 shield
rNeg     + + .     Faith    .   t - +0 scale mail
rPois    .         Spirit   .   k - +0 hat {SInv}
rElec    .         Reflect  .   x - scarf {rC+ rF+}
rCorr    .         Harm     .   (no gloves)
MR       .....                  (no boots)
Stlth    ..........             (no amulet)
HPRegen  0.28/turn              E - +5 ring of strength
MPRegen  0.13/turn              (no ring)

@: glowing
A: large bone plates 1, high mp 1, robust 1
a: Divine Shield, Cleansing Flame, Renounce Religion


You were on level 11 of the Dungeon.
You worshipped the Shining One.
The Shining One was greatly pleased with you.
You were not hungry.

You visited 2 branches of the dungeon, and saw 12 of its levels.

You collected 499 gold pieces.
You spent 115 gold pieces at shops.

Inventory:

Hand Weapons
 a - a +0 long sword (weapon)
 b - a +0 blowgun
 y - a +4 halberd
Missiles
 u - 8 curare-tipped needles
 A - 46 poisoned needles
Armour
 c - a +0 shield (worn)
 k - a +0 hat of see invisible (worn)
 q - a +0 cloak
 t - a +0 scale mail (worn)
 x - a scarf of resistance (worn)
Jewellery
 d - an uncursed amulet of rage {unknown}
 E - a +5 ring of strength (left hand)
Wands
 B - a wand of digging (4)
Scrolls
 h - 4 scrolls of enchant weapon
 i - 6 scrolls of remove curse
 j - 11 scrolls of teleportation
 l - a scroll of identify
 m - a scroll of magic mapping {unknown}
 o - 3 scrolls of blinking
 s - a scroll of amnesia
Potions
 e - a potion of magic {unknown}
 n - a potion of brilliance {unknown}
 p - a potion of flight {unknown}
 v - 2 potions of mutation
 w - a potion of agility {unknown}
 z - a potion of lignification
Comestibles
 f - 23 rations
 g - 4 chunks of flesh


   Skills:
 + Level 9.7 Fighting
 + Level 12.2 Long Blades
 + Level 7.9 Armour
 + Level 4.1 Dodging
 + Level 1.3 Stealth
 + Level 9.9 Shields
 * Level 1.0 Spellcasting
 * Level 1.2 Charms


You had 7 spell levels left.
You knew the following spells:

 Your Spells              Type           Power        Failure   Level  Hunger
a - Infusion              Chrm           #...         65%         1    ##.....
b - Shroud of Golubria    Chrm/Tloc      #.........   86%         2    ###....
s - Song of Slaying       Chrm           #.......     80%         2    ###....

Your spell library contained the following spells:

 Spells                   Type           Power        Failure   Level  Hunger
 Regeneration             Chrm/Necr      #.........   98%         3    ####...
 Spectral Weapon          Hex/Chrm       #.......     98%         3    ####...


Dungeon Overview and Level Annotations

Branches:
Dungeon (11/15)            Temple (1/1) D:6
   Lair: D:8-11         Orc: D:9-12

Altars:
Ashenzari
Cheibriados
Dithmenos
Elyvilon
Fedhas
Gozag
Hepliaklqana
Kikubaaqudgha
Makhleb
Nemelex Xobeh
Okawaru
Qazlal
Ru
Sif Muna
Trog
Uskayaw
Vehumet
Wu Jian
Xom
Yredelemnul
Zin
The Shining One

Shops:
D:6 ?   D:8 [   D:9 *


Innate Abilities, Weirdness & Mutations

You are partially covered in large bone plates. (SH +4)
You have an increased reservoir of magic. (+10% MP)
You are robust. (+10% HP)


Message History

The komodo dragon is heavily wounded.
The komodo dragon bites you!!
* * * LOW HITPOINT WARNING * * *
You hit the komodo dragon but do no damage.
The komodo dragon is heavily wounded.
The komodo dragon bites you!! The Shining One protects you from harm!
You hit the komodo dragon but do no damage.
The komodo dragon is heavily wounded.
You block the komodo dragon's attack.
You hit the komodo dragon but do no damage.
The komodo dragon is heavily wounded.
You hit the komodo dragon but do no damage.
The komodo dragon is heavily wounded.
You block the komodo dragon's attack.
You hit the komodo dragon but do no damage.
The komodo dragon is heavily wounded.
You block the komodo dragon's attack.
You feel better. The komodo dragon bites you!!
You die...

#.... #... #..# .
#..# .. #..#
...######..#
...........######
........l@.......
.......<....>....
..#++###########.


You could see a komodo dragon.

Vanquished Creatures
  A centaur warrior (D:10)
  A queen ant (D:9)
  An unseen horror (D:10)
  The ghost of Ethylacetat the Ruffian, a novice NaTm (D:5)
  Psyche (D:8)
  A troll (D:9)
  Grinder (D:4)
  Sigmund (D:6)
  A spriggan (D:7)
  6 yaks
  A hungry ghost (D:9)
  Menkaure (D:7)
  20 soldier ants
  2 water moccasins
  3 orc warriors
  2 black bears
  2 ice beasts
  A sky beast (D:9)
  An eye of draining (D:9)
  3 phantoms
  3 centaurs
  3 ogres
  2 big kobolds
  Blork the orc (D:6)
  2 bullfrogs
  A wyvern zombie (D:7)
  2 scorpions
  A wyvern skeleton (D:8)
  9 killer bees
  4 wights (D:6)
  2 crimson imps
  3 centaur zombies
  5 orc wizards
  6 hounds
  4 jellies
  3 orc priests
  Crazy Yiuf (D:2)
  2 bullfrog skeletons
  Jessica (D:2)
  3 centaur skeletons
  22 worker ants
  A hound zombie (D:5)
  4 hound skeletons
  A mummy (D:5)
  4 gnolls (D:3)
  10 adders
  2 shadow imps
  2 oozes
  An adder skeleton (D:4)
  4 adder zombies
  A worm (D:4)
  2 dart slugs
  4 leopard geckos
  32 orcs
  2 ball pythons
  8 giant cockroaches
  7 goblins
  8 hobgoblins
  4 jackals (D:1)
  7 quokkas
  4 bats
  8 frilled lizards
  17 kobolds
  A leopard gecko zombie (D:5)
  2 quokka skeletons
  9 rats
276 creatures vanquished.

Notes
Turn   | Place    | Note
-------+----------+-------------------------------------------
     0 | D:1      | harcile the Hill Orc Fighter began the quest for the Orb.
     0 | D:1      | Reached XP level 1. HP: 19/19 MP: 1/1
   174 | D:1      | Reached XP level 2. HP: 27/27 MP: 2/2
   423 | D:1      | Reached XP level 3. HP: 26/33 MP: 3/3
   652 | D:2      | Reached skill level 1 in Dodging
   724 | D:2      | Noticed Jessica
   734 | D:2      | Killed Jessica
   734 | D:2      | Reached XP level 4. HP: 22/40 MP: 4/4
   781 | D:2      | Found an ancient bone altar of Kikubaaqudgha.
   927 | D:2      | Found a runed translucent door.
   928 | D:2      | Noticed Crazy Yiuf
   941 | D:2      | Killed Crazy Yiuf
   941 | D:2      | Reached XP level 5. HP: 21/46 MP: 5/5
  1142 | D:3      | Reached skill level 3 in Long Blades
  1403 | D:3      | Reached XP level 6. HP: 47/55 MP: 6/6
  1449 | D:3      | Found a glowing golden altar of the Shining One.
  1467 | D:3      | Became a worshipper of the Shining One
  1664 | D:3      | Reached skill level 5 in Shields
  1690 | D:3      | Found a hazy altar of Hepliaklqana.
  1731 | D:4      | Noticed a phantom
  1845 | D:3      | Killed a phantom
  1845 | D:3      | Reached skill level 5 in Fighting
  1845 | D:3      | Reached skill level 4 in Long Blades
  2121 | D:4      | Reached XP level 7. HP: 23/61 MP: 7/7
  2193 | D:4      | Noticed Grinder
  2198 | D:4      | Gained mutation: You are partially covered in large bone
                  | plates. (SH +4) [potion of mutation]
  2198 | D:4      | Gained mutation: You are robust. (+10% HP) [potion of
                  | mutation]
  2198 | D:4      | Gained mutation: You have an increased reservoir of magic.
                  | (+10% MP) [potion of mutation]
  2215 | D:4      | Killed Grinder
  2215 | D:4      | Reached skill level 5 in Long Blades
  2215 | D:4      | Reached skill level 5 in Armour
  3098 | D:5      | Entered Level 5 of the Dungeon
  3110 | D:5      | Reached * piety under the Shining One
  3128 | D:5      | Reached skill level 6 in Long Blades
  3128 | D:5      | Reached XP level 8. HP: 71/75 MP: 8/8
  3130 | D:5      | Found a snail-covered altar of Cheibriados.
  3320 | D:5      | Found a shattered altar of Ashenzari.
  3384 | D:5      | Found a runed translucent door.
  3387 | D:5      | Noticed Ethylacetat's ghost (novice NaTm)
  3515 | D:5      | Found a sparkling altar of Nemelex Xobeh.
  3683 | D:5      | Found a hide-covered altar of Uskayaw.
  3683 | D:5      | Found a bloodstained altar of Trog.
  3748 | D:5      | Killed Ethylacetat's ghost
  3748 | D:5      | Reached skill level 7 in Long Blades
  3826 | D:6      | Noticed Sigmund
  3846 | D:6      | Killed Sigmund
  3858 | D:6      | Reached skill level 8 in Long Blades
  3889 | D:6      | Reached XP level 9. HP: 63/82 MP: 9/9
  3964 | D:6      | Reached ** piety under the Shining One
  4077 | D:6      | Found Tatiocs's Magic Scroll Shop.
  4087 | D:6      | Bought a scroll of enchant weapon for 82 gold pieces
  4087 | D:6      | Bought a scroll of teleportation for 33 gold pieces
  4387 | D:6      | Found a staircase to the Ecumenical Temple.
  4496 | Temple   | Entered the Ecumenical Temple
  4649 | D:6      | Noticed Blork the orc
  4656 | D:6      | Killed Blork the orc
  4840 | D:7      | Reached skill level 9 in Long Blades
  5113 | D:7      | Noticed Menkaure
  5170 | D:7      | Found a stormy altar of Qazlal.
  5196 | D:7      | Killed Menkaure
  5585 | D:7      | Found an ornate altar of the Wu Jian Council.
  5594 | D:7      | Found an opulent altar of Gozag.
  5645 | D:7      | Reached *** piety under the Shining One
  5711 | D:7      | Found a deep blue altar of Sif Muna.
  5930 | D:7      | Reached XP level 10. HP: 70/94 MP: 11/11
  6186 | D:8      | Reached skill level 10 in Long Blades
  6728 | D:8      | Found Pevogg's Armour Shop.
  7013 | D:9      | Found Tyaf's General Store.
  7057 | D:9      | Reached skill level 1 in Stealth
  7067 | D:9      | HP: 4/96 [phantom (4)]
  7185 | D:9      | Noticed Psyche
  7206 | D:8      | Killed Psyche
  7648 | D:9      | Reached skill level 11 in Long Blades
  8068 | D:9      | Found a white marble altar of Elyvilon.
  8147 | D:8      | Reached XP level 11. HP: 73/104 MP: 12/12
  8793 | D:9      | Noticed a queen ant
  8806 | D:9      | Killed a queen ant
  8898 | D:9      | HP: 5/159 [troll (3)]
  8899 | D:9      | Reached skill level 12 in Long Blades
  8905 | D:9      | HP: 5/159 [poisoned by a worker ant]
  9305 | D:9      | Learned a level 2 spell: Song of Slaying
  9307 | D:9      | Learned a level 1 spell: Infusion
  9310 | D:9      | Learned a level 2 spell: Shroud of Golubria
  9399 | D:10     | Entered Level 10 of the Dungeon
  9511 | D:10     | Noticed a centaur warrior
  9526 | D:10     | Killed a centaur warrior
  9606 | D:10     | Noticed an unseen horror
  9621 | D:10     | Killed an unseen horror
  9621 | D:10     | Reached skill level 1 in Spellcasting
  9621 | D:10     | Reached skill level 1 in Charms
  9634 | D:10     | Noticed a brown ugly thing
  9634 | D:10     | Reached **** piety under the Shining One
  9678 | D:11     | HP: 2/108 [komodo dragon (23)]
  9680 | D:11     | The Shining One protects you from harm!
  9685 | D:11     | Mangled by a komodo dragon

Skill      XL: |  1  2  3  4  5  6  7  8  9 10 11 |
---------------+----------------------------------+-----
Dodging        | 1 2 3 4 |  4.1
Shields        | 4 5 6 7 9 |  9.9
Armour         | 4 5 6 7 |  7.9
Fighting       | 4 5 6 7 8 9 |  9.7
Long Blades    | 3 4 6 8 9 11 12 | 12.2
Stealth        | 1 |  1.3
Spellcasting   | 1 |  1.0
Charms         | 1 |  1.2

Action                   |  1- 3 |  4- 6 |  7- 9 | 10-12 || total
-------------------------+-------+-------+-------+-------++-------
Melee: Long sword        |   110 |   210 |   393 |   529 ||  1242
 Fire: Blowgun           |       |       |       |     1 ||     1
  Use: Potion            |       |       |     9 |     7 ||    16
       Scroll            |       |       |     7 |       ||     7
  Eat: Chunk             |       |     5 |     6 |    10 ||    21
       Ration            |       |       |     2 |     1 ||     3
Armor: Scale mail        |    59 |    74 |   104 |    71 ||   308
       Skin              |       |       |       |    16 ||    16
Dodge: Dodged            |    51 |    61 |   106 |   103 ||   321
Block: Shield            |    73 |   119 |   303 |   359 ||   854
       Rpst.: Long sword |    12 |    12 |    31 |    34 ||    89
